 Dungeon Crawl Stone Soup version 0.17.0-56-gd8de76c (webtiles) character file.

48 coffecat the Skirmisher (level 3, 0/51 HPs)
             Began as a Hill Orc Abyssal Knight on Dec 4, 2015.
             Was a Believer of Lugonu.
             Slain by a hobgoblin
             ... wielding a +0 club
             ... led by Robin
              (3 damage)
             ... on level 3 of the Dungeon.
             The game lasted 00:05:52 (1382 turns).

coffecat the Skirmisher (Hill Orc Abyssal Knight)   Turns: 1382, Time: 00:05:52

Health: 0/51       AC: 25    Str: 20    XL:     3   Next: 72%
Magic:  5/5        EV:  2    Int: 12    God:    Lugonu [**....]
Gold:   122        SH:  0    Dex: 10    Spells: 0 memorised, 2 levels left

rFire  . . .     SeeInvis .     a - +1 mace
rCold  . . .     Clarity  .     (armour currently unavailable)
rNeg   + + +     SustAt   .     (no shield)
rPois  +         Gourm    .     (helmet currently unavailable)
rElec  .         Spirit   .     (cloak currently unavailable)
rCorr  .         Warding  .     (gloves currently unavailable)
rMut   +         NoTele   +     (boots currently unavailable)
MR     +....                    r - amulet of resist mutation
Stlth  +.........               p - +4 ring of protection
                                n - ring of protection from magic

@: mighty, tree-form, somewhat resistant to hostile enchantments, very
unstealthy
A: no striking features
a: Depart the Abyss, Bend Space, Renounce Religion


You were on level 3 of the Dungeon.
You worshipped Lugonu.
Lugonu was pleased with you.
You were not hungry.
You were a tree.
You visited 1 branch of the dungeon, and saw 3 of its levels.
You visited the Abyss 1 time.

You collected 122 gold pieces.

Inventory:

Hand Weapons
 a - a +1 mace (weapon)
Armour
 b - a +0 leather armour
 i - a +0 chain mail (melded)
Jewellery
 n - a ring of protection from magic (left branch)
 p - a +4 ring of protection (right branch)
 r - an amulet of resist mutation (around neck)
Scrolls
 d - a scroll of enchant armour {unknown}
 g - a scroll of fear {unknown}
 j - 2 scrolls of remove curse
 o - 3 scrolls of identify {unknown}
Potions
 m - a potion of curing {unknown}
Comestibles
 c - 2 bread rations
 l - a beef jerky
 q - 9 chunks of flesh


   Skills:
 + Level 4.4 Fighting
 + Level 2.3 Maces & Flails
 * Level 2.9 Armour
 + Level 1.0 Dodging
 + Level 0.1 Stealth
 + Level 3.0 Invocations


You had 2 spell levels left.
You didn't know any spells.

Dungeon Overview and Level Annotations

Branches:
Dungeon (3/15)

Altars:

Annotations:
D:3 Robin, Sigmund


Message History

* * * LOW HITPOINT WARNING * * *
The hobgoblin hits you but does no damage.
The goblin hits you but does no damage. x3
Read which item? (? for menu, Esc to quit)
As you read the scroll labeled IGHIAM LENA, it crumbles to dust.
You feel blessed for a moment.
It was a scroll of remove curse.
Robin roars a battlecry!
The goblins go into a battle-frenzy!
The hobgoblin hits you but does no damage. x2
Something hits you but does no damage. The goblin hits you but does no damage.
The goblin hits you but does no damage. The goblin completely misses you.
Read which item? (? for menu, Esc to quit)
You can't read that!
Read which item? (? for menu, Esc to quit)
As you read the scroll labeled EQESACIMNU, it crumbles to dust.
It is a scroll of recharging.
You aren't carrying any rechargeable items.
The hobgoblin hits you but does no damage.
The goblin hits you but does no damage. The hobgoblin hits you with a club.
You die...

..#.#... ..#.#...
......### #........ .
#........ ...##
#........
......##g.......
......g♣gg.#....
......g#g.........
.#.##..#g{...#.... #
#..#.........#
..#.##.<#)...%....
........#........ ..
##.#..†.....### ...
................###...
....@........>.........


You could see Robin, 2 hobgoblins and 4 goblins.

Vanquished Creatures
  2 orcs (D:3)
  4 giant cockroaches
  8 hobgoblins
  3 jackals (D:3)
  5 bats
  2 giant newts
  7 goblins
  6 kobolds
  2 quokkas (D:2)
  5 rats
44 creatures vanquished.

Notes
Turn   | Place    | Note
--------------------------------------------------------------
     0 | Abyss:1  | coffecat the Hill Orc Abyssal Knight began the quest for the Orb.
     0 | Abyss:1  | Reached XP level 1. HP: 19/19 MP: 2/2
     4 | D:1      | Escaped the Abyss
    26 | D:1      | Noticed an electric eel
    73 | D:1      | Reached * piety under Lugonu
   246 | D:1      | Reached XP level 2. HP: 27/27 MP: 3/3
   397 | D:2      | Reached skill level 4 in Fighting
   716 | D:3      | Noticed Sigmund
  1088 | D:2      | Reached XP level 3. HP: 33/33 MP: 5/5
  1223 | D:2      | Reached ** piety under Lugonu
  1343 | D:3      | Reached skill level 1 in Dodging
  1354 | D:3      | Noticed Robin
  1382 | D:3      | Slain by a hobgoblin

Action                   || total
-------------------------++-------
Melee: Mace              ||   131
Invok: Depart the Abyss  ||     1
  Use: Potion            ||     3
       Scroll            ||     2
  Eat: Chunk             ||     2
